 Dungeon Crawl Stone Soup version 0.27-a0-1597-ge58577e147 (webtiles) character file.

Game seed: 15100288185055980519

442 MirrMurr the Thrower (level 7, -1/56 HPs)
             Began as a Gnoll Hunter on July 21, 2021.
             Slain by a sky beast (5 damage)
             ... on level 4 of the Dungeon.
             The game lasted 00:09:02 (4076 turns).

MirrMurr the Thrower (Gnoll Hunter)                 Turns: 4076, Time: 00:09:03

Health: -1/56      AC: 10    Str: 11    XL:     7   Next: 2%
Magic:  10/10      EV: 11    Int: 13    God:
Gold:   161        SH:  0    Dex: 12    Spells: 9/10 levels left

rFire    . . .     SeeInvis .   a - +0 war axe
rCold    . . .     Faith    .   (no shield)
rNeg     . . .     Spirit   .   i - +0 ring mail
rPois    +         Reflect  .   (no helmet)
rElec    .         Harm     .   o - +2 cloak {rPois}
rCorr    .         Rampage  .   k - +1 pair of gloves
Will     .....                  (no boots)
Stlth    ++........             (no amulet)
HPRegen  0.18/turn              (no ring)
MPRegen  0.12/turn              (no ring)

@: no status effects
A: fangs 1, strong nose, distributed training
a: no special abilities


You were on level 4 of the Dungeon.
You visited 1 branch of the dungeon, and saw 4 of its levels.

You collected 161 gold pieces.

Inventory:

Hand Weapons
 a - a +0 war axe (weapon)
 w - a +0 short sword
Missiles
 b - 3 atropa-tipped darts
 c - 5 javelins
 d - 4 throwing nets
 e - 60 stones
 l - 5 boomerangs (quivered)
Armour
 i - a +0 ring mail (worn)
 k - a +1 pair of gloves (worn)
 o - a +2 cloak of poison resistance (worn)
Wands
 m - a wand of flame (18)
Scrolls
 h - a scroll of teleportation
Potions
 n - a potion of curing
 q - 2 potions of flight


   Skills:
 + Level 5.1 Fighting
 + Level 2.2 Short Blades
 + Level 2.2 Long Blades
 + Level 2.2 Axes
 + Level 2.2 Maces & Flails
 + Level 2.2 Polearms
 + Level 2.2 Staves
 + Level 2.2 Slings
 + Level 2.2 Bows
 + Level 2.2 Crossbows
 + Level 8.8 Throwing
 + Level 2.2 Armour
 + Level 5.1 Dodging
 + Level 3.2 Stealth
 + Level 2.2 Shields
 + Level 2.2 Unarmed Combat
 + Level 2.2 Spellcasting
 + Level 1.8 Conjurations
 + Level 1.8 Hexes
 + Level 1.8 Summonings
 + Level 1.8 Necromancy
 + Level 1.8 Translocations
 + Level 1.8 Transmutations
 + Level 1.8 Fire Magic
 + Level 1.8 Ice Magic
 + Level 1.8 Air Magic
 + Level 1.8 Earth Magic
 + Level 1.8 Poison Magic
 + Level 2.4 Invocations
 + Level 2.2 Evocations


You had 9 spell levels left.
You knew the following spells:

 Your Spells              Type           Power      Damage    Failure   Level
a - Apportation           Tloc           12%        N/A       28%         1

Your spell library contained the following spells:

 Spells                   Type           Power      Damage    Failure   Level
 Animate Skeleton         Necr           12%        N/A       28%         1
 Corona                   Hex            6%         N/A       28%         1
 Summon Small Mammal      Summ           24%        N/A       28%         1


Dungeon Overview and Level Annotations

Branches:
Dungeon (4/15)
 Temple: D:4-7

Altars:


Innate Abilities, Weirdness & Mutations

You have very sharp teeth.
Your uncanny sense of smell can sniff out nearby items.
Your experience applies equally to all skills.


Message History

The sky beast is moderately wounded.
The sky beast barely misses you.
You closely miss the sky beast.
The sky beast is moderately wounded.
The sky beast hits you but does no damage. x2
You miss the sky beast.
The sky beast is moderately wounded.
The sky beast closely misses you.
You hit the sky beast.
The sky beast is heavily wounded.
The sky beast closely misses you.
The sky beast hits you but does no damage.
You barely miss the sky beast. Your bite misses the sky beast.
The sky beast is moderately wounded.
The sky beast hits you. The sky beast shocks you.
You barely miss the sky beast.
The sky beast is moderately wounded.
The sky beast misses you.
You hit the sky beast.
The sky beast is heavily wounded.
The sky beast barely misses you.
The sky beast hits you but does no damage.
You miss the sky beast.
You bite the sky beast, but do no damage.
The sky beast is heavily wounded.
The sky beast flickers out of sight!
Deactivating autopickup; reactivate with Ctrl-A.
Something hits you but does no damage.
You barely miss something. Something hits you but does no damage.
You closely miss something.
Something hits you but does no damage. x2
You closely miss something. Something hits you. Something shocks you.
* * * LOW HITPOINT WARNING * * *
You closely miss something. Something hits you.
* * * LOW HITPOINT WARNING * * *
Something shocks you.
* * * LOW HITPOINT WARNING * * *
Something hits you.
* * * LOW HITPOINT WARNING * * *
Something shocks you.
You die...

........#####..+##.
).......................
).............##........
##'#######..............
.........#.....# .......
.........#.....# ..?....
........)#....## .......
########.#....###.......
.......#.#.....{@.......
.......#.#....###.......
.......#.#....# ....!..
#####<.'.#....# .......
....'..#.#....# ######+
....#..#.#....#
....#..#.#....######
#####..#.#...≈##...####+#
... ...#.#...............


There were no monsters in sight!

Vanquished Creatures
  A water moccasin (D:3)
  Crazy Yiuf (D:2)
  A hound (D:4)
  A jelly (D:4)
  A centaur skeleton (D:4)
  10 gnolls
  3 adders
  3 worms
  6 dart slugs
  5 orcs
  4 bats
  5 endoplasms
  5 giant cockroaches
  5 goblins
  5 hobgoblins
  3 jackals (D:2)
  4 kobolds
  2 quokkas
  6 ball pythons
  2 frilled lizards
  5 rats
78 creatures vanquished.

Notes
Turn   | Place    | Note
-------+----------+-------------------------------------------
     0 | D:1      | MirrMurr the Gnoll Hunter began the quest for the Orb.
     0 | D:1      | Reached XP level 1. HP: 20/20 MP: 1/1
   104 | D:1      | Reached XP level 2. HP: 26/26 MP: 2/2
   320 | D:1      | Reached XP level 3. HP: 25/31 MP: 3/3
   479 | D:1      | Found a faded altar of an unknown god.
   602 | D:1      | Reached skill level 1 in Invocations
   962 | D:2      | Reached skill level 1 in Short Blades
   962 | D:2      | Reached skill level 1 in Long Blades
   962 | D:2      | Reached skill level 1 in Axes
   962 | D:2      | Reached skill level 1 in Maces & Flails
   962 | D:2      | Reached skill level 1 in Polearms
   962 | D:2      | Reached skill level 1 in Staves
   962 | D:2      | Reached skill level 1 in Slings
   962 | D:2      | Reached skill level 1 in Bows
   962 | D:2      | Reached skill level 1 in Crossbows
   962 | D:2      | Reached skill level 1 in Armour
   962 | D:2      | Reached skill level 1 in Shields
   962 | D:2      | Reached skill level 1 in Unarmed Combat
   962 | D:2      | Reached skill level 1 in Spellcasting
   962 | D:2      | Reached skill level 1 in Evocations
  1106 | D:2      | Reached XP level 4. HP: 29/38 MP: 5/5
  1515 | D:2      | Found a runed translucent door.
  1516 | D:2      | Noticed Crazy Yiuf
  1595 | D:2      | Reached skill level 1 in Conjurations
  1595 | D:2      | Reached skill level 1 in Hexes
  1595 | D:2      | Reached skill level 1 in Summonings
  1595 | D:2      | Reached skill level 1 in Necromancy
  1595 | D:2      | Reached skill level 1 in Translocations
  1595 | D:2      | Reached skill level 1 in Transmutations
  1595 | D:2      | Reached skill level 1 in Fire Magic
  1595 | D:2      | Reached skill level 1 in Ice Magic
  1595 | D:2      | Reached skill level 1 in Air Magic
  1595 | D:2      | Reached skill level 1 in Earth Magic
  1595 | D:2      | Reached skill level 1 in Poison Magic
  1778 | D:2      | Reached XP level 5. HP: 14/43 MP: 6/6
  2163 | D:2      | Killed Crazy Yiuf
  2798 | D:3      | Noticed a water moccasin
  2826 | D:3      | Killed a water moccasin
  2827 | D:3      | Reached XP level 6. HP: 12/50 MP: 8/8
  2863 | D:2      | Reached skill level 5 in Fighting
  2863 | D:2      | Reached skill level 5 in Dodging
  3873 | D:4      | Learned a level 1 spell: Apportation
  4018 | D:4      | Noticed a sky beast
  4053 | D:4      | Reached XP level 7. HP: 50/56 MP: 10/10
  4076 | D:4      | Slain by a sky beast

Illustrated notes

Levels and vault maps discovered:
D:1:      dpeg_arrival_pond, layout_rooms, shapermc_ecumenical_altar_flowoftime
D:2:      layout_basic, serial_curves, eino_curves_02, eino_curves_01,
          minmay_misc_feat_plants, uniq_crazy_yiuf_cottage
D:3:      layout_rooms
D:4:      layout_basic, nicolae_elemental_shop, minmay_circle_x

Skill      XL: |  1  2  3  4  5  6 |
---------------+-------------------+-----
Invocations    | 1 2 |  2.4
Short Blades   | 1 2 |  2.2
Long Blades    | 1 2 |  2.2
Axes           | 1 2 |  2.2
Maces & Flails | 1 2 |  2.2
Polearms       | 1 2 |  2.2
Staves         | 1 2 |  2.2
Slings         | 1 2 |  2.2
Bows           | 1 2 |  2.2
Crossbows      | 1 2 |  2.2
Armour         | 1 2 |  2.2
Shields        | 1 2 |  2.2
Unarmed Combat | 1 2 |  2.2
Spellcasting   | 1 2 |  2.2
Evocations     | 1 2 |  2.2
Conjurations   | 1 |  1.8
Hexes          | 1 |  1.8
Summonings     | 1 |  1.8
Necromancy     | 1 |  1.8
Translocations | 1 |  1.8
Transmutations | 1 |  1.8
Fire Magic     | 1 |  1.8
Ice Magic      | 1 |  1.8
Air Magic      | 1 |  1.8
Earth Magic    | 1 |  1.8
Poison Magic   | 1 |  1.8
Stealth        | 3 |  3.2
Fighting       | 5 |  5.1
Dodging        | 5 |  5.1
Throwing       | |  8.8

Action                   |  1- 3 |  4- 6 |  7- 9 || total
-------------------------+-------+-------+-------++-------
Melee: Short sword       |   124 |   197 |       ||   321
       Bite              |    11 |    19 |     1 ||    31
       Punch             |       |     2 |       ||     2
       War axe           |       |    47 |    24 ||    71
Throw: Javelin           |     4 |     8 |       ||    12
       Stone             |     9 |       |       ||     9
       Boomerang         |       |     7 |       ||     7
       Throwing net      |       |     4 |       ||     4
  Use: Scroll            |       |     8 |       ||     8
 Stab: Held in net/web   |       |     2 |       ||     2
       Sleeping          |       |     2 |       ||     2
Armor: Leather armour    |     4 |       |       ||     4
       Ring mail         |    56 |    97 |    16 ||   169
Dodge: Dodged            |    86 |   145 |    11 ||   242

Table legend: (Time is in decaauts)
 A = Elapsed time spent in this place.
 B = Non-inter-level travel time spent in this place.
 C = Inter-level travel time spent in this place.
 D = Time resting spent in this place.
 E = Time spent auto-exploring this place.
 F = Levels seen in this place.
 G = Mean time per level.
                   A        B        C        D        E       F      G
               +--------+--------+--------+--------+--------+-----+--------+
         Total |   4114 |   3907 |    207 |    211 |   2779 |   4 | 1028.5 |
       Dungeon |   4114 |   3907 |    207 |    211 |   2779 |   4 | 1028.5 |
               +--------+--------+--------+--------+--------+-----+--------+

Top non-repeatable levels by time:
     D:2: 2004 daAuts
     D:3: 1005 daAuts
     D:1: 698 daAuts
     D:4: 405 daAuts
